 Dungeon Crawl Stone Soup version 0.20-a0-710-g71b569a (webtiles) character file.

84 HallandMoats the Skirmisher (level 4, -3/37 HPs)
             Began as a Demonspawn Fighter on Feb 21, 2017.
             Slain by a gnoll
             ... wielding a +0 spear
              (4 damage)
             ... on level 2 of the Dungeon.
             The game lasted 00:01:43 (1617 turns).

HallandMoats the Skirmisher (Demonspawn Fighter)    Turns: 1617, Time: 00:01:43

Health: -3/37      AC:  7    Str: 16    XL:     4   Next: 23%
Magic:  4/4        EV:  7    Int:  9    God:
Gold:   26         SH:  8    Dex: 14    Spells: 3/3 levels left

rFire    . . .     SeeInvis .   a - +0 war axe
rCold    . . .     Gourm    .   b - +0 scale mail
rNeg     . . .     Faith    .   c - +0 shield
rPois    .         Spirit   .   k - +0 helmet
rElec    .         Reflect  .   (no cloak)
rCorr    .         Harm     .   (no gloves)
MR       .....                  (no boots)
Stlth    ..........             (no amulet)
Regen    0.2/turn               (no ring)
MPRegen  0.1/turn               (no ring)

@: no status effects
A: demonic guardian 1, spiny 1
a: no special abilities


You were on level 2 of the Dungeon.
You were not hungry.

You visited 1 branch of the dungeon, and saw 3 of its levels.

You collected 26 gold pieces.

Inventory:

Hand Weapons
 a - a +0 war axe (weapon)
Armour
 b - a +0 scale mail (worn)
 c - a +0 shield (worn)
 k - a +0 helmet (worn)
Scrolls
 e - a scroll of enchant armour {unknown}
 h - a scroll of enchant weapon {unknown}
 i - a scroll of remove curse {unknown}
 j - a scroll of teleportation {unknown}
 l - 2 scrolls of identify {unknown}
 m - a scroll of blinking {unknown}
 n - a scroll of recharging {unknown}
Potions
 d - a potion of might
Comestibles
 f - 2 bread rations
 g - a chunk of flesh


   Skills:
 * Level 4.0 Fighting
 * Level 2.6 Axes
 + Level 3.1 Armour
 + Level 1.0 Dodging
 - Level 2.6 Shields


You had 3 spell levels left.
You didn't know any spells.

Dungeon Overview and Level Annotations

Branches:
Dungeon (3/15)

Altars:
Trog


Innate Abilities, Weirdness & Mutations

A weak demonic guardian rushes to your aid.
You are partially covered in sharp spines.


Message History

The gnoll hits you from afar with a spear.
* * * LOW HITPOINT WARNING * * *
Your white imp gestures at the gnoll.
The puff of frost misses the gnoll.
The gnoll hits you but does no damage.
The gnoll hits you from afar with a spear.
* * * LOW HITPOINT WARNING * * *
You hit the gnoll.
The gnoll is heavily wounded.
Your white imp hits the gnoll but does no damage.
The gnoll barely misses your white imp. The gnoll barely misses you.
Your white imp hits the gnoll.
Your white imp freezes the gnoll.
The gnoll dies!
Your Dodging skill increases to level 1!
The gnoll hits you from afar with a spear!
* * * LOW HITPOINT WARNING * * *
Your white imp misses the gnoll.
Things that are here:
a spear; a gnoll corpse The gnoll hits you with a spear.
You die...

##### #...# ###...######
#..........#
#########.g........# #####
#>......'5@........# ....#
#.#######.)........####
....###.# #..............
........# #..............
....###.# #.....)........
....###.### ########.###....
...###....# #<.......###...
#### #..#.# #######.........
...###..#.##########.#.......


You could see a gnoll and a friendly white imp.

Vanquished Creatures
  2 adders
  A worm (D:2)
  3 leopard geckos
  A ball python (D:1)
  7 bats
  2 giant cockroaches (D:1)
  8 goblins
  4 hobgoblins
  3 frilled lizards (D:2)
  4 kobolds (D:1)
  5 rats (D:1)
40 creatures vanquished.

Vanquished Creatures (collateral kills)
  3 gnolls (D:2)
3 creatures vanquished.

Grand Total: 43 creatures vanquished

Notes
Turn   | Place    | Note
-------+----------+-------------------------------------------
     0 | D:1      | HallandMoats the Demonspawn Fighter began the quest for the Orb.
     0 | D:1      | Reached XP level 1. HP: 18/18 MP: 1/1
   116 | D:1      | Gained mutation: You are partially covered in sharp spines. [demonic ancestry]
   116 | D:1      | Reached XP level 2. HP: 19/24 MP: 2/2
   492 | D:1      | Gained mutation: A weak demonic guardian rushes to your aid. [demonic ancestry]
   492 | D:1      | Reached XP level 3. HP: 29/29 MP: 3/3
  1042 | D:2      | You fall through a shaft!
  1495 | D:2      | Found a bloodstained altar of Trog.
  1576 | D:2      | Reached XP level 4. HP: 37/37 MP: 4/4
  1609 | D:2      | Reached skill level 4 in Fighting
  1615 | D:2      | Reached skill level 1 in Dodging
  1616 | D:2      | HP: 1/37 [gnoll/spear (7)]
  1617 | D:2      | Slain by a gnoll

Vault maps used:
D:1:      minmay_arrival_diagonal_passages, roderic_serpentine_path,
          minmay_pentomino_z4
D:2:      lemuel_doored_altar, first_bread, grunt_ministairs_10
D:3:      old_standard_altar, nicolae_ashenzari_panopticon

Skill      XL: |  1  2  3  4 |
---------------+-------------+-----
Axes           | 2 |  2.6
Armour         | 3 |  3.1
Fighting       | 4 |  4.0
Dodging        | 1 |  1.0
Shields        | |  2.6

Action                   |  1- 3 |  4- 6 || total
-------------------------+-------+-------++-------
Melee: War axe           |    96 |     3 ||    99
  Eat: Chunk             |     2 |       ||     2
Armor: Scale mail        |    62 |     4 ||    66
Dodge: Dodged            |    32 |     3 ||    35
Block: Shield            |    64 |     6 ||    70
